 Dungeon Crawl Stone Soup version 0.29-a0-91-gdebf4667c2 (webtiles) character file.

Game seed: 5289387996330002056

709 enile the Skirmisher (level 7, -1/99 HPs)
             Began as a Yellow Draconian Wanderer on Feb 9, 2022.
             Was a Believer of Trog.
             Engulfed by a cloud of steam (2 damage)
             ... on level 8 of the Dungeon.
             The game lasted 00:10:45 (5200 turns).

enile the Skirmisher (Yellow Draconian Wanderer)    Turns: 5200, Time: 00:10:46

Health: -1/99      AC:  6    Str: 15    XL:     7   Next: 40%
Magic:  10/10      EV: 12    Int: 15    God:    Trog [**....]
Gold:   178        SH:  0    Dex: 11    Spells: 9/10 levels left

rFire   . . .      SeeInvis .   u - +0 trident (vorpal)
rCold   . . .      Faith    .   (no shield)
rNeg    . . .      Spirit   .   (armour unavailable)
rPois   .          Reflect  .   (helmet restricted)
rElec   .          Harm     .   (no cloak)
rCorr   +          Rampage  .   (no gloves)
Will    .....                   (no boots)
Stlth   ..........              (no amulet)
HPRegen 0.26/turn               (no ring)
MPRegen 0.12/turn               (no ring)

@: berserking, attractive, very quick
A: spit acid, AC +6, unfitting armour, cold-blooded, acid resistance, hooves 1,
stinger 1, agile 1
a: Breathe Acid, Renounce Religion, Berserk, Trog's Hand


You were on level 8 of the Dungeon.
You worshipped Trog.
Trog was pleased with you.
You visited 1 branch of the dungeon, and saw 6 of its levels.

You collected 178 gold pieces.

Inventory:

Hand Weapons
 a - a +0 falchion
 u - a +0 vorpal trident (weapon)
Armour
 r - a +0 plate armour
Wands
 i - a wand of flame (20) (quivered)
 k - a wand of polymorph (11)
Scrolls
 b - a scroll of vulnerability
 m - 2 scrolls of identify
Potions
 l - a potion of brilliance {unknown}
 o - a potion of curing
 p - a potion of ambrosia {unknown}
 q - a potion of heal wounds {unknown}
 t - a potion of lignification {unknown}


   Skills:
 + Level 7.1 Fighting
 - Level 2.0 Long Blades
 - Level 2.0 Throwing
 - Level 3.0 Dodging
 - Level 2.0 Spellcasting
 - Level 5.0 Ice Magic
 - Level 2.0 Evocations


You had 9 spell levels left.
You knew the following spells:

 Your Spells              Type           Power      Damage    Failure   Level
a - Freeze                Ice            64%        1d8       2%          1

Your spell library contained the following spells:

 Spells                   Type           Power      Damage    Failure   Level
 Ozocubu's Armour         Ice            16%        N/A       9%          3
 Hailstorm                Conj/Ice       9%         3d4       61%         4
 Ice Form                 Ice/Tmut       9%         N/A       61%         4
 Summon Ice Beast         Ice/Summ       9%         N/A       61%         4
 Simulacrum               Ice/Necr       4%         N/A       100%        6
 Ozocubu's Refrigeration  Ice            8%         4d6       100%        7


Dungeon Overview and Level Annotations

Branches:
Dungeon (5/15)             Temple (0/1) D:4

Altars:
Ashenzari
Dithmenos
Gozag
Sif Muna
Trog

Shops:
D:4 =


Innate Abilities, Weirdness & Mutations

You can spit globs of acid.
Your golden yellow scales are hard. (AC +6)
You cannot fit into any form of body armour.
You are cold-blooded and may be slowed by cold attacks.
You are resistant to acid. (rCorr)
You have large cloven feet.
Your tail ends in a venomous barb.
You are agile. (Dex +2)


Message History

You closely miss the killer bee. Your kick misses the killer bee.
The killer bee is moderately wounded.
The killer bee barely misses you. The killer bee closely misses you.
You miss the killer bee.
Your tail-slap misses the killer bee.
The killer bee is moderately wounded.
The killer bee stings you.
* * * LOW HITPOINT WARNING * * *
The killer bee stings you but does no damage.
You completely miss the killer bee. Your kick misses the killer bee.
The killer bee is moderately wounded.
The killer bee stings you.
* * * LOW HITPOINT WARNING * * *
The killer bee barely misses you.
You closely miss the killer bee. You tail-slap the killer bee!
You kill the killer bee!
Trog accepts your kill.
Your skin stops crawling.
You feel less strong-willed.
Training target 3.0 for Dodging reached!
Your Dodging skill increases to level 3!
You need to enable at least one skill for training.
You puncture the steam dragon! Your kick misses the steam dragon.
The steam dragon is heavily wounded.
The steam dragon bites you but does no damage.
The steam dragon claws you but does no damage.
You hit the steam dragon but do no damage.
You kick the steam dragon.
The steam dragon is heavily wounded.
You barely miss the steam dragon. You kick the steam dragon!
The steam dragon is almost dead.
The steam dragon breathes steam at you. The ball of steam hits you!
* * * LOW HITPOINT WARNING * * *
Okay, then.
You are too berserk!
You puncture the steam dragon!
You kill the steam dragon!
Trog accepts your kill.
The steam dragon scales are intact enough to wear.
You are engulfed in a cloud of scalding steam.
You die...

### #.. ...
#.# #.# #§#
#§# # #@#.#
#[#.###
#.....#
###.#####
#....#
#....####..
#.....$...
#.....###.|
#..........


There were no monsters in sight!

Vanquished Creatures
  A steam dragon (D:8)
  2 ogres
  2 water moccasin skeletons (D:4)
  3 killer bees (D:8)
  A centaur zombie (D:4)
  A hound (D:5)
  Ijyb (D:3)
  Natasha (thrice) (D:2)
  Robin (D:2)
  3 adders
  4 worms
  3 dart slugs
  2 orcs
  12 ball pythons
  3 endoplasms
  A giant cockroach (D:1)
  15 goblins
  15 hobgoblins
  5 jackals (D:2)
  9 kobolds
  3 quokkas
  2 bats
  2 frilled lizards (D:3)
  3 rats
97 creatures vanquished.

Vanquished Creatures (others)
  3 fungi (D:2)
  4 plants (D:2)
7 creatures vanquished.

Grand Total: 104 creatures vanquished

Notes
Turn   | Place    | Note
-------+----------+-------------------------------------------
     0 | D:1      | enile the Draconian Wanderer began the quest for the Orb.
     0 | D:1      | enile set off with the following items: a +0 falchion, a
                  | wand of flame (3); and the following spell memorised:
                  | Freeze; and the following spells available to memorise:
                  | Hailstorm, Summon Ice Beast
     0 | D:1      | Reached XP level 1. HP: 14/14 MP: 3/3
    63 | D:1      | Reached skill level 1 in Fighting
   346 | D:1      | Reached XP level 2. HP: 23/24 MP: 1/5
   411 | D:1      | Reached skill level 2 in Fighting
   950 | D:1      | Reached skill level 3 in Fighting
   952 | D:1      | Reached XP level 3. HP: 29/31 MP: 6/6
  1561 | D:2      | Reached skill level 1 in Dodging
  1797 | D:2      | Found a faded altar of an unknown god.
  1837 | D:2      | Prayed at the altar of an unknown god.
  1837 | D:2      | Became a worshipper of Trog the Wrathful
  1837 | D:2      | Reached * piety under Trog
  1869 | D:2      | Noticed Natasha
  1876 | D:2      | Killed Natasha
  1877 | D:2      | Reached XP level 4. HP: 31/40 MP: 7/7
  2185 | D:2      | Reached skill level 4 in Fighting
  2302 | D:2      | Noticed Natasha
  2319 | D:2      | Killed Natasha
  2375 | D:2      | Noticed Natasha
  2423 | D:2      | Killed Natasha
  2731 | D:2      | Reached XP level 5. HP: 47/47 MP: 8/8
  2747 | D:2      | Reached skill level 5 in Fighting
  3178 | D:2      | Noticed Robin
  3190 | D:2      | Killed Robin
  3537 | D:3      | Noticed Ijyb
  3545 | D:3      | Killed Ijyb
  3713 | D:3      | Found an opulent altar of Gozag.
  3737 | D:3      | Found a shimmering blue altar of Sif Muna.
  3986 | D:4      | Reached ** piety under Trog
  4027 | D:4      | Found Fanwoap's Jewellery Shop.
  4174 | D:4      | Reached skill level 6 in Fighting
  4174 | D:4      | Reached XP level 6. HP: 18/57 MP: 9/9
  4175 | D:4      | Found a staircase to the Ecumenical Temple.
  4687 | D:4      | Noticed Blork the orc
  4691 | D:4      | Noticed Blork
  4691 | D:4      | Blork the orc changed into Blork the ball python
  4693 | D:4      | Killed Blork the ball python
  4924 | D:4      | Found a broken altar of Ashenzari.
  5107 | D:5      | Entered Level 5 of the Dungeon
  5128 | D:5      | Found a shadowy altar of Dithmenos.
  5150 | D:5      | Reached skill level 7 in Fighting
  5157 | D:5      | Your scales start taking on a golden yellow colour.
  5157 | D:5      | Reached XP level 7. HP: 43/66 MP: 10/10
  5157 | D:5      | Gained mutation: You are resistant to acid. (rCorr) [Yellow
                  | Draconian growth]
  5161 | D:5      | You fall into a shaft and drop 3 floors!
  5163 | D:8      | Noticed a steam dragon
  5172 | D:8      | HP: 3/66 [killer bee (6)]
  5191 | D:8      | Gained mutation: Your tail ends in a venomous barb. [potion
                  | of mutation]
  5191 | D:8      | Gained mutation: You have large cloven feet. [potion of
                  | mutation]
  5191 | D:8      | Gained mutation: You are agile. (Dex +2) [potion of
                  | mutation]
  5199 | D:8      | HP: 1/99 [steam dragon/ball of steam (8)]
  5200 | D:8      | Killed a steam dragon
  5200 | D:8      | Engulfed by a cloud of steam

Illustrated notes

Levels and vault maps discovered:
D:1:      dpeg_arrival_morbid_curiosity, layout_basic
D:2:      layout_loops_ring, dreamdust_ecumenical_altar_hidden_monk_grotto,
          uniq_robin, uniq_natasha
D:3:      layout_basic, mainiacjoe_overflow_large_starburst, uniq_sigmund,
          uniq_ijyb
D:4:      layout_cave_pools, ashenzari_altar_1, minmay_temple_entry_water_ring,
          serial_shops, nicolae_shop_trees, hangedman_abyss_or_decor_stabs,
          uniq_blork_the_orc
D:5:      layout_basic, grunt_dithmenos_smoke_and_mirrors, serial_shops,
          shop_statue, minivault_14, st_stairs_6, minmay_lizard_king
D:8:      layout_basic

Skill      XL: |  1  2  3  4  5  6  7 |
---------------+----------------------+-----
Fighting       | 1 3 4 6 7 |  7.1
Dodging        | 1 2 3 |  3.0
Long Blades    | 2 |  2.0
Throwing       | 2 |  2.0
Spellcasting   | |  2.0
Ice Magic      | |  5.0
Evocations     | |  2.0

Action                   |  1- 3 |  4- 6 |  7- 9 || total
-------------------------+-------+-------+-------++-------
Melee: Falchion          |    34 |   207 |       ||   241
       Tailslap          |     3 |    25 |     1 ||    29
       Trident           |       |    28 |     9 ||    37
       Punch             |       |     1 |       ||     1
       Kick              |       |       |     2 ||     2
Throw: Javelin           |       |       |     2 ||     2
 Cast: Freeze            |    45 |       |       ||    45
Invok: Berserk           |     1 |     6 |     1 ||     8
       Trog's Hand       |       |       |     2 ||     2
 Abil: Breathe Acid      |       |       |     2 ||     2
Evoke: Wand              |     3 |     5 |     1 ||     9
  Use: Scroll            |       |     4 |     6 ||    10
       Potion            |       |     1 |     5 ||     6
Armor: Skin              |    21 |   103 |    11 ||   135
Dodge: Dodged            |    54 |   188 |    21 ||   263

Table legend: (Time is in decaauts)
 A = Elapsed time spent in this place.
 B = Non-inter-level travel time spent in this place.
 C = Inter-level travel time spent in this place.
 D = Time resting spent in this place.
 E = Time spent auto-exploring this place.
 F = Levels seen in this place.
 G = Mean time per level.
                   A        B        C        D        E       F      G
               +--------+--------+--------+--------+--------+-----+--------+
         Total |   5355 |   5162 |    193 |      0 |   4326 |   6 |  892.5 |
       Dungeon |   5355 |   5162 |    193 |      0 |   4326 |   6 |  892.5 |
               +--------+--------+--------+--------+--------+-----+--------+

Top non-repeatable levels by time:
     D:2: 2064 daAuts
     D:1: 1560 daAuts
     D:4: 1167 daAuts
     D:3: 456 daAuts
     D:5: 57 daAuts
     D:8: 49 daAuts
